[Event "7th Fischer Memorial GM 2019"]
[Site "Anogia"]
[Date "2019.09.16"]
[Round "6.1"]
[White "Baenziger, Fabian"]
[Black "Stoyanov, Tsvetan"]
[Result "1/2-1/2"]
[ECO "D75"]
[WhiteElo "2366"]
[BlackElo "2373"]
[Annotator "NA"]
[PlyCount "47"]
[EventDate "2019.09.11"]
[EventType "tourn"]
[EventCountry "GRE"]
[SourceTitle "playchess.com"]
[Source "ChessBase"]
[SourceQuality "1"]
[TimeControl "40/5400+30:1800+30"]

1. Nf3 Nf6 2. g3 g6 3. Bg2 Bg7 4. O-O O-O 5. c4 c5 6. Nc3 Nc6 7. d4 d5 8. cxd5 Nxd5 9. Nxd5 Qxd5 10. Be3 cxd4 11. Nxd4 Qh5 12. Nxc6 bxc6 13. Rc1 Bg4 14. Rc5 Bxe2 15. Rxh5 Bxd1 16. Rc5 Rad8 17. b3 Bg4 18. h3 Bf5 19. Rxc6 Bd4 20. Bxd4 Rxd4 21. Rc7 Rd7 22. Rfc1 Rfd8 23. g4 Be6 24. Bf3 1/2-1/2

[Event "7th Fischer Memorial GM 2019"]
[Site "Anogia"]
[Date "2019.09.16"]
[Round "6.2"]
[White "Levin, Evgeny A."]
[Black "Mitsis, Georgios"]
[Result "1/2-1/2"]
[ECO "E55"]
[WhiteElo "2511"]
[BlackElo "2374"]
[Annotator "ChessBase"]
[PlyCount "79"]
[EventDate "2019.09.11"]
[EventType "tourn"]
[EventCountry "GRE"]
[SourceTitle "playchess.com"]
[Source "ChessBase"]
[SourceQuality "1"]
[TimeControl "40/5400+30:1800+30"]

1. d4 Nf6 2. c4 e6 3. Nc3 Bb4 4. e3 O-O 5. Bd3 d5 6. Nf3 dxc4 7. Bxc4 c5 8. O-O Nbd7 9. Qe2 b6 10. Rd1 Bb7 11. d5 Bxc3 12. dxe6 Bxf3 13. gxf3 fxe6 14. Bxe6+ Kh8 15. bxc3 Qe7 16. Bxd7 Nxd7 17. c4 Qe6 18. Bb2 Ne5 19. Bxe5 Qxe5 20. Rac1 Qg5+ 21. Kh1 Qh5 22. Rd7 Qxf3+ 23. Qxf3 Rxf3 24. Rc2 Kg8 25. Kg2 Rf6 26. Rcd2 Rg6+ 27. Kf1 Rg4 28. Rc7 Rxc4 29. h3 Rh4 30. Rdd7 g6 31. Kg2 Rh5 32. f4 b5 33. e4 c4 34. e5 a6 35. Kg3 a5 36. Kg4 Rb8 37. Rd5 Rf5 38. Rdd7 Rh5 39. Kg3 Rf8 40. Kg4 1/2-1/2

[Event "7th Fischer Memorial GM 2019"]
[Site "Anogia"]
[Date "2019.09.16"]
[Round "6.4"]
[White "Kapnisis, Spyridon"]
[Black "Storey, Charles H"]
[Result "1-0"]
[ECO "A20"]
[WhiteElo "2465"]
[BlackElo "2282"]
[Annotator "ChessBase"]
[PlyCount "77"]
[EventDate "2019.09.11"]
[EventType "tourn"]
[EventCountry "GRE"]
[SourceTitle "playchess.com"]
[Source "ChessBase"]
[SourceQuality "1"]
[TimeControl "40/5400+30:1800+30"]

1. g3 e5 2. c4 Nf6 3. Bg2 d5 4. cxd5 Nxd5 5. Nf3 Nc6 6. O-O Nb6 7. b3 g5 8. d4 Nxd4 9. Nxe5 Bg7 10. f4 gxf4 11. Bxf4 Ne6 12. Qxd8+ Nxd8 13. Nd2 Ne6 14. Rac1 Nxf4 15. gxf4 Bxe5 16. fxe5 c6 17. Ne4 Ke7 18. Rc3 Rg8 19. Nd6 Rg7 20. Rg3 Rxg3 21. Rxf7+ Ke6 22. hxg3 Kxe5 23. Nxc8 Rxc8 24. Rxb7 c5 25. Rxh7 c4 26. bxc4 Nxc4 27. Rxa7 Kd4 28. Bf3 Ne5 29. Ra4+ Kc3 30. Kf2 Rh8 31. g4 Rg8 32. Kg3 Kd2 33. Re4 Nc6 34. Rc4 Ne5 35. Rc5 Re8 36. a4 Ke1 37. a5 Nd7 38. Rd5 Nb8 39. e3 1-0

[Event "7th Fischer Memorial GM 2019"]
[Site "Anogia"]
[Date "2019.09.16"]
[Round "6.5"]
[White "Akash Pc, Iyer"]
[Black "Gretarsson, Helgi Ass"]
[Result "0-1"]
[ECO "B06"]
[WhiteElo "2431"]
[BlackElo "2410"]
[Annotator "ChessBase"]
[PlyCount "70"]
[EventDate "2019.09.11"]
[EventType "tourn"]
[EventCountry "GRE"]
[SourceTitle "playchess.com"]
[Source "ChessBase"]
[SourceQuality "1"]
[TimeControl "40/5400+30:1800+30"]

1. e4 g6 2. h4 d5 3. e5 h5 4. d4 Bh6 5. Bg5 c5 6. c3 Nc6 7. Ne2 Bf5 8. Ng3 Bxb1 9. Rxb1 cxd4 10. e6 Qd6 11. exf7+ Kxf7 12. Be2 Bxg5 13. hxg5 e6 14. cxd4 Qb4+ 15. Kf1 Qxd4 16. Bd3 Qf4 17. Ne2 Qxg5 18. Rh3 Nf6 19. Kg1 h4 20. Qa4 Qg4 21. Qb3 Qb4 22. Qc2 g5 23. Bg6+ Kg7 24. Rb3 Qe7 25. f4 g4 26. f5 Rac8 27. Nf4 Nd4 28. Qf2 e5 29. Re1 Nxb3 30. Ne6+ Kg8 31. axb3 Qb4 32. Qe3 Qb6 33. Qxb6 axb6 34. Rxe5 Rc1+ 35. Kf2 h3 0-1

[Event "7th Fischer Memorial GM 2019"]
[Site "Anogia"]
[Date "2019.09.17"]
[Round "7.2"]
[White "Storey, Charles H"]
[Black "Akash Pc, Iyer"]
[Result "0-1"]
[ECO "E73"]
[WhiteElo "2282"]
[BlackElo "2431"]
[Annotator "ChessBase"]
[PlyCount "80"]
[EventDate "2019.09.11"]
[EventType "tourn"]
[EventCountry "GRE"]
[SourceTitle "playchess.com"]
[Source "ChessBase"]
[SourceQuality "1"]
[TimeControl "40/5400+30:1800+30"]

1. d4 Nf6 2. c4 g6 3. Nc3 Bg7 4. e4 d6 5. Be2 O-O 6. Be3 e5 7. d5 Na6 8. g4 Nc5 9. Bf3 Qe7 10. h4 c6 11. h5 cxd5 12. cxd5 a5 13. Bxc5 dxc5 14. h6 Bh8 15. Qe2 Ne8 16. Qe3 Nd6 17. Qxc5 Bd7 18. Be2 Rfc8 19. Qb6 Nc4 20. Bxc4 Rxc4 21. f3 Bf6 22. Nh3 Rb4 23. d6 Bh4+ 24. Kf1 Qe6 25. Qe3 Rxb2 26. Kg1 Rc8 27. Nd1 Rbc2 28. Ng5 Bxg5 29. Qxg5 Qxd6 30. Nf2 f6 31. Qe3 R8c3 32. Qa7 Rxf3 33. Rh2 Rg3+ 34. Kh1 Qa3 35. Rg2 Qf3 36. Rag1 Rxg2 37. Rxg2 Rc1+ 38. Kh2 Qf4+ 39. Rg3 Rc3 40. Nh1 Rc2+ 0-1

[Event "7th Fischer Memorial GM 2019"]
[Site "Anogia"]
[Date "2019.09.17"]
[Round "7.3"]
[White "Percivaldi, Martin"]
[Black "Kapnisis, Spyridon"]
[Result "1/2-1/2"]
[ECO "D37"]
[WhiteElo "2396"]
[BlackElo "2465"]
[Annotator "RC"]
[PlyCount "115"]
[EventDate "2019.09.11"]
[EventType "tourn"]
[EventCountry "GRE"]
[SourceTitle "playchess.com"]
[Source "ChessBase"]
[SourceQuality "1"]
[TimeControl "40/5400+30:1800+30"]

1. d4 Nf6 2. Nf3 e6 3. c4 a6 4. Nc3 d5 5. cxd5 exd5 6. Bg5 Be6 7. e3 Nbd7 8. h3 Be7 9. Bd3 O-O 10. O-O c5 11. dxc5 Nxc5 12. Nd4 Re8 13. Rc1 Qb6 14. Nxe6 fxe6 15. b3 Nxd3 16. Qxd3 Rac8 17. Rc2 Qa5 18. Bxf6 Bxf6 19. Rfc1 Rxc3 20. Rxc3 Bxc3 21. Qxc3 Qxc3 22. Rxc3 Re7 23. Kf1 Kf7 24. Ke2 e5 25. Kd3 Ke6 26. Rc8 h6 27. f3 Kd7 28. Rb8 Kd6 29. g3 g5 30. Rd8+ Kc6 31. Rf8 Re6 32. Rf7 a5 33. a3 b6 34. h4 gxh4 35. gxh4 Rg6 36. h5 Rg3 37. f4 exf4 38. Rxf4 Rh3 39. Rf6+ Kc5 40. Rxh6 d4 41. b4+ Kd5 42. Rxb6 Rxe3+ 43. Kd2 Rxa3 44. h6 axb4 45. Rb5+ Kc4 46. Rh5 Ra2+ 47. Kc1 Kc3 48. Kb1 Rf2 49. Rh1 Rf8 50. h7 Rh8 51. Kc1 b3 52. Kb1 d3 53. Rh3 b2 54. Rh6 d2 55. Rc6+ Kd3 56. Rd6+ Ke2 57. Re6+ Kd1 58. Rh6 1/2-1/2

[Event "7th Fischer Memorial GM 2019"]
[Site "Anogia"]
[Date "2019.09.17"]
[Round "7.4"]
[White "Mitsis, Georgios"]
[Black "Kaasen, Tor Fredrik"]
[Result "0-1"]
[ECO "E12"]
[WhiteElo "2374"]
[BlackElo "2405"]
[Annotator "ChessBase"]
[PlyCount "50"]
[EventDate "2019.09.11"]
[EventType "tourn"]
[EventCountry "GRE"]
[SourceTitle "playchess.com"]
[Source "ChessBase"]
[SourceQuality "1"]
[TimeControl "40/5400+30:1800+30"]

1. d4 Nf6 2. c4 e6 3. Nf3 b6 4. a3 Bb7 5. Nc3 d5 6. Qc2 dxc4 7. e4 c5 8. d5 exd5 9. e5 Ne4 10. Nxe4 dxe4 11. e6 fxe6 12. Ng5 Nc6 13. Qxc4 Nd4 14. Be3 Bd5 15. Qc3 Qd7 16. O-O-O Be7 17. Kb1 O-O 18. Bc4 b5 19. Bxd5 exd5 20. Nh3 Ne6 21. Qe5 Rad8 22. g4 Qd6 23. Qh5 d4 24. g5 Qe5 25. Bc1 Rf3 0-1

[Event "7th Fischer Memorial GM 2019"]
[Site "Anogia"]
[Date "2019.09.18"]
[Round "8.2"]
[White "Kaasen, Tor Fredrik"]
[Black "Stoyanov, Tsvetan"]
[Result "1-0"]
[ECO "C92"]
[WhiteElo "2405"]
[BlackElo "2373"]
[Annotator "NA"]
[PlyCount "117"]
[EventDate "2019.09.11"]
[EventType "tourn"]
[EventCountry "GRE"]
[SourceTitle "playchess.com"]
[Source "ChessBase"]
[SourceQuality "1"]
[TimeControl "40/5400+30:1800+30"]

1. e4 e5 2. Nf3 Nc6 3. Bb5 a6 4. Ba4 Nf6 5. O-O Be7 6. Re1 b5 7. Bb3 d6 8. c3 O-O 9. h3 Be6 10. d4 Bxb3 11. Qxb3 Qd7 12. Bg5 h6 13. Bh4 Na5 14. Qd1 Qe6 15. Nbd2 c5 16. Bg3 Nd7 17. b4 cxb4 18. cxb4 Nb7 19. d5 Qg6 20. Rc1 Rfc8 21. Qb3 Bg5 22. Rc6 Nd8 23. Rc2 f5 24. Rec1 Rxc2 25. Qxc2 f4 26. Bh4 Nb6 27. Qd3 Bxh4 28. Nxh4 Qf6 29. Nf5 Ra7 30. Qa3 Kh7 31. Qa5 Na8 32. Rc8 Nb7 33. Rxa8 Nxa5 34. Rxa7 Nc4 35. Nf3 Kg8 36. Rxg7+ Qxg7 37. Nxg7 Kxg7 38. Nh4 Kf6 39. Nf5 h5 40. f3 Kf7 41. Kf2 Kf6 42. Ke2 Kf7 43. Kd3 Kf6 44. Kc3 Kf7 45. a4 Kf6 46. a5 Kf7 47. Kd3 Kf6 48. Ke2 Kf7 49. Ke1 Kf6 50. Kf2 Kf7 51. g4 Kg6 52. Ne7+ Kg5 53. Nc6 hxg4 54. hxg4 Kh4 55. Nb8 Nxa5 56. bxa5 b4 57. Ke2 b3 58. Kd2 Kg3 59. g5 1-0

[Event "7th Fischer Memorial GM 2019"]
[Site "Anogia"]
[Date "2019.09.18"]
[Round "8.3"]
[White "Kapnisis, Spyridon"]
[Black "Mitsis, Georgios"]
[Result "1/2-1/2"]
[ECO "C15"]
[WhiteElo "2465"]
[BlackElo "2374"]
[Annotator "ChessBase"]
[PlyCount "107"]
[EventDate "2019.09.11"]
[EventType "tourn"]
[EventCountry "GRE"]
[SourceTitle "playchess.com"]
[Source "ChessBase"]
[SourceQuality "1"]
[TimeControl "40/5400+30:1800+30"]

1. e4 e6 2. d4 d5 3. Nc3 Bb4 4. a3 Bxc3+ 5. bxc3 dxe4 6. Qg4 Nf6 7. Qxg7 Rg8 8. Qh6 Rg6 9. Qh4 c5 10. Ne2 Nc6 11. dxc5 Rg4 12. Qh6 Rg6 13. Qh4 Rg4 14. Qh6 Rg6 15. Qd2 Qa5 16. Nd4 Bd7 17. Nb5 Kf8 18. h4 h5 19. g4 Kg8 20. gxh5 Ne5 21. Nd4 Nxh5 22. Bb2 Bc6 23. O-O-O e3 24. Qxe3 Ng4 25. Nxc6 bxc6 26. Qd4 e5 27. Qd7 Qxc5 28. Bd3 Rg7 29. Be2 Qxf2 30. Bxg4 Qf4+ 31. Kb1 Qxg4 32. Qxc6 Rc8 33. Qd5 Re8 34. c4 Nf6 35. Qc6 Re6 36. Qa8+ Kh7 37. Qxa7 Qxc4 38. h5 Rc6 39. Qf2 Rg5 40. Rhg1 Ne4 41. Qh2 Rxg1 42. Rxg1 Nc3+ 43. Bxc3 Qxc3 44. Qf2 Kh8 45. Rg3 Qc5 46. Qf5 Rb6+ 47. Kc1 Rc6 48. Rb3 Qg1+ 49. Kb2 Qd4+ 50. Ka2 Qd5 51. Kb1 Qd1+ 52. Kb2 Qd4+ 53. Ka2 Qd5 54. Kb2 1/2-1/2

[Event "7th Fischer Memorial GM 2019"]
[Site "Anogia"]
[Date "2019.09.18"]
[Round "8.4"]
[White "Akash Pc, Iyer"]
[Black "Percivaldi, Martin"]
[Result "0-1"]
[ECO "E04"]
[WhiteElo "2431"]
[BlackElo "2396"]
[Annotator "NA"]
[PlyCount "118"]
[EventDate "2019.09.11"]
[EventType "tourn"]
[EventCountry "GRE"]
[SourceTitle "playchess.com"]
[Source "ChessBase"]
[SourceQuality "1"]
[TimeControl "40/5400+30:1800+30"]

1. d4 d5 2. c4 c6 3. Nf3 Nf6 4. Nc3 e6 5. g3 dxc4 6. Bg2 b5 7. Ne5 a6 8. a4 Bb7 9. O-O Qc8 10. Bg5 Nbd7 11. Nxd7 Nxd7 12. Ne4 f5 13. Nc3 h6 14. Bf4 g5 15. Bd2 Bg7 16. e4 O-O 17. exf5 exf5 18. Re1 Rf7 19. Qh5 b4 20. Nd1 c5 21. Bxb7 Qxb7 22. Ne3 c3 23. bxc3 bxc3 24. Bxc3 cxd4 25. Bxd4 Bf6 26. Be5 Bxe5 27. Qg6+ Bg7 28. Nxf5 Rxf5 29. Qxf5 Rf8 30. Qe6+ Kh8 31. Rad1 Nc5 32. Qc4 Qb6 33. Rb1 Qa7 34. Re2 Nd7 35. Qe6 Qd4 36. Qe4 Qd6 37. Qe6 Qd4 38. Qe4 Qc3 39. Re3 Qf6 40. Re2 Ne5 41. h3 Nf3+ 42. Kg2 h5 43. Qe6 Qd4 44. Qe4 Qxe4 45. Rxe4 Nd2 46. Rbe1 Nxe4 47. Rxe4 Kh7 48. f3 Kg6 49. h4 gxh4 50. Rxh4 Rc8 51. Re4 Rc6 52. Kh3 Bf6 53. Rb4 Kg5 54. Re4 Kf5 55. Kg2 Rc2+ 56. Kh3 Rf2 57. Rf4+ Kg5 58. Rc4 Rxf3 59. Rc6 Be5 0-1

[Event "7th Fischer Memorial GM 2019"]
[Site "Anogia"]
[Date "2019.09.18"]
[Round "8.5"]
[White "Gretarsson, Helgi Ass"]
[Black "Storey, Charles H"]
[Result "1-0"]
[ECO "E65"]
[WhiteElo "2410"]
[BlackElo "2282"]
[Annotator "NA"]
[PlyCount "82"]
[EventDate "2019.09.11"]
[EventType "tourn"]
[EventCountry "GRE"]
[SourceTitle "playchess.com"]
[Source "ChessBase"]
[SourceQuality "1"]
[TimeControl "40/5400+30:1800+30"]

1. d4 Nf6 2. c4 g6 3. Nc3 Bg7 4. Nf3 d6 5. g3 Na6 6. Bg2 c5 7. O-O O-O 8. h3 Bd7 9. b3 Qc8 10. Kh2 cxd4 11. Nxd4 Nc7 12. Be3 Ne6 13. Rc1 Bc6 14. Nxc6 bxc6 15. b4 Rb8 16. Qa4 c5 17. bxc5 Nxc5 18. Qxa7 Qe6 19. Nd5 Nxd5 20. Bxd5 Qe5 21. Bf4 Qf6 22. Rb1 Rbd8 23. Rfd1 h5 24. h4 Kh7 25. Be3 Rd7 26. Qa5 Rc8 27. Kg2 Qf5 28. Qb5 Ra7 29. a4 Bc3 30. Bxc5 Rxc5 31. Qe8 e6 32. Qb8 Rcc7 33. Bf3 Be5 34. Rd3 Qf6 35. Bb7 Bd4 36. Rxd4 Qxd4 37. Qxc7 Kg7 38. a5 d5 39. Qb6 Qe4+ 40. Kg1 Rxa5 41. Qb2+ d4 1-0

[Event "7th Fischer Memorial GM 2019"]
[Site "Anogia"]
[Date "2019.09.19"]
[Round "9.2"]
[White "Percivaldi, Martin"]
[Black "Gretarsson, Helgi Ass"]
[Result "1/2-1/2"]
[ECO "A41"]
[WhiteElo "2396"]
[BlackElo "2410"]
[Annotator "ChessBase"]
[PlyCount "61"]
[EventDate "2019.09.11"]
[EventType "tourn"]
[EventCountry "GRE"]
[SourceTitle "playchess.com"]
[Source "ChessBase"]
[SourceQuality "1"]
[TimeControl "40/5400+30:1800+30"]

1. Nf3 g6 2. d4 Bg7 3. g3 d6 4. Bg2 Nd7 5. O-O e5 6. e4 Ne7 7. Nc3 O-O 8. Be3 Re8 9. h3 a6 10. a4 b6 11. Qd2 exd4 12. Bxd4 Ne5 13. Nxe5 dxe5 14. Be3 Qxd2 15. Bxd2 Be6 16. Rfd1 Rad8 17. Bf1 Nc6 18. Kg2 Nd4 19. Rac1 Bc8 20. Bg5 Rd7 21. Nd5 Bb7 22. f3 Bxd5 23. exd5 Rxd5 24. c3 h6 25. cxd4 hxg5 26. Rxc7 b5 27. axb5 axb5 28. Rb7 Rc8 29. Rd2 exd4 30. Bxb5 d3 31. Rxd3 1/2-1/2

[Event "7th Fischer Memorial GM 2019"]
[Site "Anogia"]
[Date "2019.09.19"]
[Round "9.5"]
[White "Levin, Evgeny A."]
[Black "Kaasen, Tor Fredrik"]
[Result "1/2-1/2"]
[ECO "E55"]
[WhiteElo "2511"]
[BlackElo "2405"]
[Annotator "ChessBase"]
[PlyCount "41"]
[EventDate "2019.09.11"]
[EventType "tourn"]
[EventCountry "GRE"]
[SourceTitle "playchess.com"]
[Source "ChessBase"]
[SourceQuality "1"]
[TimeControl "40/5400+30:1800+30"]

1. d4 Nf6 2. c4 e6 3. Nf3 d5 4. Nc3 Bb4 5. e3 O-O 6. Bd3 dxc4 7. Bxc4 c5 8. O-O cxd4 9. exd4 b6 10. Qe2 Bb7 11. Rd1 Bxc3 12. bxc3 Qc7 13. Bd3 Nbd7 14. c4 Rfe8 15. Bb2 Rad8 16. Rac1 Qf4 17. Qe3 Qxe3 18. fxe3 g6 19. c5 Rc8 20. cxb6 Nxb6 21. Rxc8 1/2-1/2